 Dungeon Crawl Stone Soup version 0.31-a0-1611-g890cdf5628 (webtiles) character file.

Game seed: 9475740038201013885

60 avis the Changeling (level 3, -10/16 HPs)
             Began as a Felid Shapeshifter on Jan 9, 2024.
             Mangled by an orc
             ... wielding a +1 heavy hand axe
              (12 damage)
             ... on level 3 of the Dungeon.
             The game lasted 00:05:39 (1385 turns).

avis the Changeling (Felid Shapeshifter)            Turns: 1385, Time: 00:05:40

Health: -10/16     AC:  1    Str: 10    XL:     3   Next: 82%
Magic:  4/4        EV: 17    Int: 15    God:
Gold:   90         SH:  0    Dex: 15    Spells: 2/2 levels left
                                        Lives:  0   Deaths: 1

rFire   . .          .
                       - Unarmed
rCold   . . .        (shield unavailable)
rNeg    . . .        (body armour unavailable)
rPois   .            (helmet unavailable)
rElec   .            (cloak unavailable)
rCorr   .            (gloves unavailable)
SInv    +            (boots unavailable)
Will    .....        (no amulet)
Stlth   +            (no ring)
HPRegen 0.22/turn    (no ring)
MPRegen 0.09/turn

%: no passive effects
@: beast-form
A: beast (slay +2), very small, claws 1, fangs 3, see invisible, shaggy fur 1,
stealthy paws, no weapons or thrown items, no armour, multi-lived, frail 1
a: Begin Untransformation


You were on level 3 of the Dungeon.
You were a hulking beast.
You visited 1 branch of the dungeon, and saw 3 of its levels.

You collected 90 gold pieces.

Inventory:

Jewellery
 e - a ring of magical power
Talismans
 b - a beast talisman
 c - a flux talisman
Scrolls
 d - 3 scrolls of identify {unknown}
 g - a scroll of summoning {unknown}
 h - a scroll of poison {unknown}
 j - a scroll of blinking {unknown}
 k - a scroll of teleportation {unknown}
 l - a scroll of fear {unknown}
 m - a scroll of noise {unknown}
Potions
 a - a potion of lignification
 f - a potion of mutation
 i - a potion of degeneration {unknown}


   Skills:
 - Level 1.0 Fighting
 - Level 2.6 Dodging
 - Level 3.0 Unarmed Combat
 * Level 4.1 Shapeshifting


You had 2 spell levels left.
You didn't know any spells.
Your spell library was empty.

Dungeon Overview and Level Annotations

Branches:
Dungeon (3/15)

Altars:


Innate Abilities, Weirdness & Mutations

You are a hulking beast.
Your limbs bulge with bestial killing power. (Slay +2)
You have sharp claws.
You have razor-sharp teeth.
You have supernaturally acute eyesight. (SInv)
You are covered in fur. (AC +1)
Your paws help you pounce on unaware monsters.
You are incapable of wielding weapons or throwing items.
You cannot wear armour.
You gain extra lives every three experience levels.
You are frail. (-10% HP)


Message History

A dart slug comes into view.
You see here a scroll labelled LAXOQE ZOUDI.
m - a scroll labelled LAXOQE ZOUDI You scratch the dart slug.
You bite the dart slug.
The dart slug is heavily wounded.
The dart slug launches a dart at you. The slug dart hits you.
You claw the dart slug!
You kill the dart slug!
You now have 90 gold pieces (gained 9).
There is a stone staircase leading up here.
HP restored.
You climb upwards.
There is a stone staircase leading down here.
There is a stone staircase leading down here.
You climb downwards.
There is a stone staircase leading up here.
A rat comes into view.
The rat squeaks loudly.
You hear a shout!
You scratch the rat.
You kill the rat!
A kobold comes into view. It is wielding a +0 short sword.
You claw the kobold!
You kill the kobold!
An orc comes into view. It is wielding a +1 heavy hand axe.
Things that are here:
a +0 short sword; 2 stones; a kobold corpse A ball python comes into view.
Found a murky clear potion.
The orc hits you with a +1 heavy hand axe.
You completely miss the orc.
The ball python hisses angrily.
You closely miss the orc.
The orc hits you with a +1 heavy hand axe!
Ouch! That really hurt!
* * * LOW HITPOINT WARNING * * *
The orc attacks as it pursues you!
The orc hits you with a +1 heavy hand axe!
Ouch! That really hurt!
You die...

#.....# .#
###.#.# ##.# #
#.#.# ... #.
#.#<#..#
##.###)###..#.##
.................
.##.....#.#.##.##
..........#......
.........h...#
........o###.#
........S......#
###..####........
.... ........ !##
........ .......
. ..##### #####..
#..


You could see an orc and a ball python.

Vanquished Creatures
  2 adders (D:2)
  2 dart slugs
  3 ball pythons
  4 endoplasms (D:2)
  A giant cockroach (D:2)
  2 goblins
  2 hobgoblins (D:2)
  3 quokkas (D:2)
  4 bats
  4 frilled lizards
  6 kobolds
  5 rats
38 creatures vanquished.

Notes
Turn   | Place    | Note
-------+----------+-------------------------------------------
     0 | D:1      | avis the Felid Shapeshifter began the quest for the Orb.
     0 | D:1      | Reached XP level 1. HP: 10/10 MP: 2/2
     2 | D:1      | Noticed a draconian
     2 | D:1      | Noticed a vine stalker
     6 | D:1      | Noticed a troll
     6 | D:1      | Noticed a ghoul
     8 | D:1      | Noticed a naga
     8 | D:1      | Noticed a barachi
    10 | D:1      | Noticed a demigod
    10 | D:1      | Noticed a merfolk
    12 | D:1      | Noticed a human
    12 | D:1      | Noticed an oni
    14 | D:1      | Noticed an armataur
    14 | D:1      | Noticed a felid
    16 | D:1      | Noticed a tengu
    16 | D:1      | Noticed a minotaur
    18 | D:1      | Noticed a formicid
    18 | D:1      | Noticed an octopode
    20 | D:1      | Noticed a vampire
    20 | D:1      | Noticed a djinni
    22 | D:1      | Noticed an elf
    24 | D:1      | Noticed a spriggan
    24 | D:1      | Noticed a gargoyle
    26 | D:1      | Noticed a demonspawn
   170 | D:1      | Reached skill level 3 in Shapeshifting
   415 | D:2      | Reached XP level 2. HP: 8/14 MP: 3/3
   416 | D:2      | Gained mutation: You are frail. (-10% HP) [potion of
                  | mutation]
   421 | D:2      | Succumbed to an adder's poison
   421 | D:2      | Lost a life (0 lives remaining)
   533 | D:2      | Reached XP level 3. HP: 16/16 MP: 4/4
  1071 | D:2      | Reached skill level 4 in Shapeshifting
  1385 | D:3      | Mangled by an orc

Illustrated notes

Levels and vault maps discovered:
D:1:      kb_arrival_jail, layout_rooms, hex_tiny, skrybe_limestone_x
D:2:      minmay_chambers_of_ones, layout_loops_cross, serial_bayou_pond_c
D:3:      layout_basic, shapermc_ecumenical_altar_mp_ritualfount

Skill      XL: |  1  2  3 |
---------------+----------+-----
Shapeshifting  | 3 4 |  4.1
Fighting       | |  1.0
Dodging        | |  2.6
Unarmed Combat | |  3.0

Action                     || total
---------------------------++-------
  Melee: Unarmed           ||    82
         Bite              ||     9
         Punch             ||     1
    Use: Potion            ||     3
   Stab: Sleeping          ||     3
 Armour: Skin              ||    20
  Dodge: Dodged            ||    76

Table legend: (Time is in decaauts)
 A = Elapsed time spent in this place.
 B = Non-inter-level travel time spent in this place.
 C = Inter-level travel time spent in this place.
 D = Time resting spent in this place.
 E = Time spent auto-exploring this place.
 F = Levels seen in this place.
 G = Mean time per level.
                   A        B        C        D        E       F      G
               +--------+--------+--------+--------+--------+-----+--------+
         Total |   1385 |   1237 |    148 |     49 |    775 |   3 |  461.7 |
       Dungeon |   1385 |   1237 |    148 |     49 |    775 |   3 |  461.7 |
               +--------+--------+--------+--------+--------+-----+--------+

Top non-repeatable levels by time:
     D:2: 892 daAuts
     D:1: 428 daAuts
     D:3: 64 daAuts
